 Dungeon Crawl Stone Soup version 0.26.1-11-gd32895ea62 (webtiles) character file.

Game seed: 2567529057796443818

32744 Zeld the Severer (level 13, -2/121 HPs)
             Began as a Deep Dwarf Fighter on June 1, 2021.
             Was an Elder of Makhleb.
             Killed by divine providence
             ... invoked by a meliai
              (14 damage)
             ... on level 14 of the Dungeon.
             The game lasted 00:31:07 (16750 turns).

Zeld the Severer (Deep Dwarf Fighter)              Turns: 16750, Time: 00:31:08

Health: -2/121     AC: 15    Str: 24    XL:     13   Next: 33%
Magic:  0/0        EV:  7    Int: 10    God:    Makhleb [****..]
Gold:   509        SH: 14    Dex: 12    Spells: 12/12 levels left

rFire    . . .     SeeInvis .   a - +4 war axe (freeze)
rCold    . . .     Faith    .   c - +0 kite shield
rNeg     . . .     Spirit   .   M - +0 plate armour
rPois    +         Reflect  +   V - +0 helmet
rElec    .         Harm     .   r - scarf {repulsion}
rCorr    .         Rampage  .   y - +2 pair of gloves
Will     ++...                  (no boots)
Stlth    ..........             Q - amulet of reflection
HPRegen  0.00/turn              n - ring of poison resistance
MPRegen  0.07/turn              v - ring of willpower

@: non-regenerating, repel missiles
A: damage resistance, heal wounds, sense surroundings 2, no regeneration
a: Heal Wounds, Renounce Religion, Minor Destruction, Lesser Servant of Makhleb,
Major Destruction


You were on level 14 of the Dungeon.
You worshipped Makhleb.
Makhleb was greatly pleased with you.
You visited 2 branches of the dungeon, and saw 15 of its levels.
You also visited: Gauntlet.

You collected 807 gold pieces.
You spent 298 gold pieces at shops.

Inventory:

Hand Weapons
 a - a +4 war axe of freezing (weapon)
 b - a +0 war axe of flaming
Missiles
 k - 39 poisoned darts (quivered)
 J - 4 datura-tipped darts
 O - a throwing net
Armour
 c - a +0 kite shield (worn)
 r - a scarf of repulsion (worn)
 y - a +2 pair of gloves (worn)
 A - a +2 cloak
 M - a +0 plate armour (worn)
 V - a +0 helmet (worn)
Jewellery
 l - an uncursed ring of flight
 n - a ring of poison resistance (left hand)
 v - a ring of willpower (right hand)
 I - an uncursed ring of resist corrosion
 Q - an amulet of reflection (around neck)
Wands
 x - a wand of digging (7)
 B - a wand of enslavement (6)
 K - a wand of flame (30)
 N - a wand of acid (7)
 R - a wand of iceblast (4)
 T - a wand of disintegration (5)
Scrolls
 h - 6 scrolls of remove curse
 i - 4 scrolls of amnesia
 p - a scroll of blinking
 u - 2 scrolls of fear
 D - a scroll of enchant armour
 H - a scroll of holy word {unknown}
 L - a scroll of silence {unknown}
 W - a scroll of magic mapping
 X - 2 scrolls of teleportation
Potions
 d - 4 potions of might
 e - a potion of invisibility {unknown}
 f - 5 potions of curing {unknown}
 g - a potion of resistance
 j - a potion of berserk rage {unknown}
 m - 2 potions of flight {unknown}
 o - 3 potions of attraction {unknown}
 q - 7 potions of heal wounds {unknown}
 t - 6 potions of lignification {unknown}
 w - 4 potions of haste {unknown}
 z - 7 potions of ambrosia {unknown}
 C - a potion of brilliance {unknown}
 F - 2 potions of mutation {unknown}
 S - a potion of magic {unknown}
 U - a potion of degeneration {unknown}
Miscellaneous
 s - a box of beasts
 G - a phantom mirror (inert)
 P - a condenser vane (inert)


   Skills:
 * Level 9.1 Fighting
 - Level 16.0 Axes
 - Level 6.0 Throwing
 - Level 3.2 Armour
 + Level 6.9 Dodging
 - Level 3.2 Shields
 * Level 11.8 Invocations
 + Level 8.5 Evocations


You had 12 spell levels left.
You didn't know any spells.
Your spell library contained the following spells:

 Spells                   Type           Power        Failure   Level
 Animate Skeleton         Necr           0%           100%        1
 Apportation              Tloc           0%           100%        1
 Corona                   Hex            0%           100%        1
 Magic Dart               Conj           0%           100%        1
 Pain                     Necr           0%           100%        1
 Summon Small Mammal      Summ           0%           100%        1
 Corpse Rot               Necr/Air       N/A          100%        2
 Ensorcelled Hibernation  Hex/Ice        0%           100%        2
 Slow                     Hex            0%           100%        2
 Conjure Flame            Conj/Fire      0%           100%        3
 Dazzling Flash           Conj/Hex       0%           100%        3
 Vampiric Draining        Necr           0%           100%        3
 Animate Dead             Necr           0%           100%        4
 Fulminant Prism          Conj/Hex       0%           100%        4
 Agony                    Necr           0%           100%        5
 Excruciating Wounds      Necr           0%           100%        5
 Metabolic Englaciation   Hex/Ice        0%           100%        5
 Discord                  Hex            0%           100%        8


Dungeon Overview and Level Annotations

Branches:
Dungeon (14/15)            Temple (1/1) D:6            Lair (0/6) D:10
    Orc (0/2) D:12        Gauntlet (visited)
 Vaults: D:13-14

Altars:
Ashenzari
Cheibriados
Dithmenos
Elyvilon
Fedhas
Gozag
Hepliaklqana
Kikubaaqudgha
Makhleb
Nemelex Xobeh
Okawaru
Qazlal
Ru
Sif Muna
Trog
Uskayaw
Vehumet
Wu Jian
Xom
Yredelemnul
Zin
The Shining One

Shops:
D:7 *   D:10 (   D:12 [


Innate Abilities, Weirdness & Mutations

You are resistant to damage.
You can heal yourself by infusing magical energy.
You passively map the area around you.
You do not regenerate.


Message History

The meliai stings you but does no damage.
You swap places.
The meliai barely misses your smoke demon. x2
The meliai hits your smoke demon with a +0 hand axe!
The meliai stings your smoke demon!
Your smoke demon hits the meliai but does no damage. x2
Your smoke demon closely misses the meliai.
As you read the scroll of summoning, it crumbles to dust.
Wisps of shadow whirl around you...
The meliai hits your smoke demon with a +0 hand axe!
The meliai stings your smoke demon!
Your smoke demon is poisoned.
The meliai poisons your smoke demon!
The meliai hits your smoke demon with a +0 hand axe!
Your smoke demon dies!
Your wight completely misses the meliai. x2
You swap places.
The meliai calls down the wrath of its god upon you.
Something smites you!
You die...

, , , ,, ,,, , *
* , * * * , ####
* , * #.. * ,
#z# *, * * , #@#
* * ,
#.####T#####.#
,*
#.z.zzyzR....# ,
,
######.#######*,
* #y# *, #y# *
... , >,* #....
#....#* ,


You could see 3 meliai, a friendly troll (summoned) and 3 friendly wights.

Vanquished Creatures
  Rupert (D:12)
  A quicksilver dragon (shapeshifter) (Gauntlet)
  A minotaur (Gauntlet)
  The ghost of hawla the Destroyer, a journeyman DrCj of Vehumet (D:11)
  3 hydras
  A centaur warrior (D:13)
  7 two-headed ogres
  A queen ant (Gauntlet)
  An unseen horror (D:13)
  Pikel (D:8)
  The ghost of aphrod the Transmogrifier, a novice DrTm of Makhleb (D:7)
  A deep elf mage (D:13)
  4 ugly things
  2 manticores
  A gargoyle (D:11)
  2 centaur zombies
  A cane toad (shapeshifter) (Gauntlet)
  A komodo dragon (D:10)
  A queen bee (D:11)
  4 trolls
  A hornet (D:12)
  5 flying skulls (Gauntlet)
  A vampire (D:11)
  2 shadows (D:11)
  2 wyverns
  5 yaks (D:13)
  A steam dragon (D:12)
  3 vampire mosquitoes (D:13)
  Edmund (D:6)
  Menkaure (D:5)
  4 soldier ants
  A water moccasin (D:11)
  3 acid dragons
  6 orc warriors
  5 sky beasts
  3 ice beasts
  2 black bears
  8 phantoms
  A necrophage (D:8)
  8 centaurs
  5 ogres
  A lemure (D:8)
  5 big kobolds
  11 bullfrogs
  A water moccasin zombie (D:7)
  11 scorpions
  3 wights (D:10)
  38 killer bees (D:11)
  5 howler monkeys
  10 electric eels
  4 bullfrog zombies
  3 jellies
  A gnoll shaman (D:6)
  4 hounds
  13 orc wizards
  3 bullfrog skeletons
  5 orc priests
  2 centaur skeletons
  Terence (D:2)
  11 worker ants
  2 hound skeletons
  A howler monkey skeleton (D:8)
  9 gnolls
  10 adders
  5 shadow imps
  A white imp (D:7)
  An ufetubus (D:8)
  2 oozes
  2 adder skeletons
  4 worms
  9 dart slugs
  8 leopard geckos
  45 orcs
  7 giant cockroaches
  4 goblins
  9 hobgoblins
  8 jackals
  5 quokkas
  10 bats
  4 frilled lizards
  26 kobolds
  A quokka skeleton (D:4)
  7 rats
416 creatures vanquished.

Vanquished Creatures (collateral kills)
  A boulder beetle (D:13)
  An orb spider (shapeshifter) (Gauntlet)
  An ugly thing (D:12)
  2 electric eels (D:7)
  A hound (D:13)
  An orc priest (D:13)
7 creatures vanquished.

Vanquished Creatures (others)
  An orc (D:7)
  56 plants
57 creatures vanquished.

Grand Total: 480 creatures vanquished

Notes
Turn   | Place    | Note
-------+----------+-------------------------------------------
     0 | D:1      | Zeld the Deep Dwarf Fighter began the quest for the Orb.
     0 | D:1      | Reached XP level 1. HP: 20/20 MP: 1/1
    99 | D:1      | Reached skill level 3 in Axes
    99 | D:1      | Reached XP level 2. HP: 25/27 MP: 2/2
   890 | D:2      | Reached XP level 3. HP: 25/33 MP: 3/3
   897 | D:2      | Reached skill level 4 in Axes
   907 | D:2      | Found a broken altar of Ashenzari.
  1024 | D:2      | Found a shadowy altar of Dithmenos.
  1072 | D:2      | Found a blossoming altar of Fedhas.
  1131 | D:2      | Noticed Terence
  1138 | D:2      | Killed Terence
  1139 | D:2      | Reached XP level 4. HP: 22/40 MP: 4/4
  1204 | D:2      | Reached skill level 5 in Axes
  1410 | D:2      | Found a stormy altar of Qazlal.
  1826 | D:3      | Reached XP level 5. HP: 26/46 MP: 5/5
  1902 | D:3      | Reached skill level 6 in Axes
  2027 | D:3      | Found a glowing golden altar of the Shining One.
  2189 | D:3      | Found a hazy altar of Hepliaklqana.
  2373 | D:4      | Noticed a phantom
  2388 | D:4      | Killed a phantom
  2389 | D:4      | Reached skill level 7 in Axes
  2389 | D:4      | Reached XP level 6. HP: 41/55 MP: 4/4
  2523 | D:4      | Found a basalt altar of Yredelemnul.
  2647 | D:4      | Reached skill level 8 in Axes
  2988 | D:5      | Entered Level 5 of the Dungeon
  3008 | D:5      | Reached XP level 7. HP: 44/61 MP: 5/5
  3040 | D:5      | Noticed Menkaure
  3275 | D:5      | Killed Menkaure
  3276 | D:5      | Reached skill level 9 in Axes
  3371 | D:5      | Found an iron altar of Okawaru.
  3764 | D:6      | Reached skill level 10 in Axes
  3780 | D:6      | Found a transporter.
  3835 | D:6      | Found a snail-covered altar of Cheibriados.
  3885 | D:6      | Found a transporter.
  3919 | D:6      | Reached XP level 8. HP: 54/68 MP: 4/4
  4126 | D:6      | Reached skill level 11 in Axes
  4190 | D:6      | Found a staircase to the Ecumenical Temple.
  4193 | D:6      | Found a faded altar of an unknown god.
  4209 | Temple   | Entered the Ecumenical Temple
  4253 | Temple   | Became a worshipper of Makhleb the Destroyer
  4368 | D:6      | Noticed Edmund
  4399 | D:6      | Killed Edmund
  4446 | D:6      | Reached skill level 12 in Axes
  4459 | D:6      | Found a hide-covered altar of Uskayaw.
  4643 | D:7      | Gained mutation: You passively map the area around you.
                  | [Deep Dwarf growth]
  4643 | D:7      | Reached XP level 9. HP: 48/74 MP: 3/3
  4650 | D:7      | Found a runed translucent door.
  4654 | D:7      | Noticed aphrod's ghost (novice DrTm)
  4711 | D:7      | Killed aphrod's ghost
  4712 | D:7      | Reached skill level 13 in Axes
  4864 | D:7      | Reached * piety under Makhleb
  4875 | D:7      | Found Segiol's Assorted Antiques.
  4899 | D:7      | Bought a scroll labelled NERUSTRAYH KIAT for 20 gold pieces
  4899 | D:7      | Bought a smoky emerald potion for 18 gold pieces
  4899 | D:7      | Bought a scroll labelled GIQAEKHEILA for 20 gold pieces
  4899 | D:7      | Bought a scroll of identify for 40 gold pieces
  4899 | D:7      | Bought a dented blue amulet for 100 gold pieces
  4899 | D:7      | Bought a pearl ring for 100 gold pieces
  4977 | D:7      | Reached skill level 14 in Axes
  5007 | D:7      | Found a sacrificial altar of Ru.
  6131 | D:7      | Found a glowing silver altar of Zin.
  6597 | D:8      | Noticed Pikel
  6618 | D:8      | Killed Pikel
  6703 | D:8      | Reached skill level 15 in Axes
  6711 | D:8      | Reached XP level 10. HP: 80/81 MP: 2/2
  6897 | D:8      | Noticed a two-headed ogre
  6914 | D:8      | Killed a two-headed ogre
  6933 | D:8      | Noticed a two-headed ogre
  6946 | D:8      | Killed a two-headed ogre
  7334 | D:8      | Reached skill level 16 in Axes
  7753 | D:9      | Found a sparkling altar of Nemelex Xobeh.
  7939 | D:9      | Reached skill level 1 in Invocations
  8066 | D:9      | Reached skill level 1 in Evocations
  8529 | D:10     | Entered Level 10 of the Dungeon
  8546 | D:10     | Reached skill level 1 in Dodging
  8549 | D:10     | Reached ** piety under Makhleb
  8753 | D:10     | Found a staircase to the Lair.
  8854 | D:10     | Found Uliras's Antique Weapon Boutique.
  9387 | D:10     | Noticed a two-headed ogre
  9398 | D:10     | Killed a two-headed ogre
  9399 | D:10     | Reached skill level 5 in Invocations
  9399 | D:10     | Reached XP level 11. HP: 91/93 MP: 5/5
  9514 | D:11     | Noticed a green ugly thing
  9532 | D:11     | Killed a green ugly thing
  9545 | D:11     | Reached skill level 5 in Fighting
  9677 | D:11     | Reached *** piety under Makhleb
  9830 | D:11     | Reached skill level 5 in Evocations
  9915 | D:11     | Noticed a two-headed ogre
  9934 | D:11     | Killed a two-headed ogre
 10088 | D:11     | Reached **** piety under Makhleb
 10264 | D:11     | Found a runed translucent gate.
 10265 | D:11     | Found a runed translucent gate.
 10265 | D:11     | Found a runed translucent gate.
 10268 | D:11     | Noticed a ten-headed hydra
 10268 | D:11     | Noticed hawla's ghost (journeyman DrCj)
 10268 | D:11     | Noticed a ten-headed hydra
 10306 | D:11     | Noticed a red ugly thing
 10320 | D:11     | Killed a red ugly thing
 10541 | D:11     | Identified the Compendium of Attacks and Evil Rituals
 10860 | D:11     | Killed a ten-headed hydra
 10862 | D:11     | Killed a ten-headed hydra
 10863 | D:11     | Reached skill level 5 in Dodging
 10865 | D:11     | Killed hawla's ghost
 10866 | D:11     | Reached XP level 12. HP: 109/109 MP: 6/8
 10888 | D:11     | Identified the Volume of Unholy Malediction
 11015 | D:12     | Found a staircase to the Orcish Mines.
 11058 | D:12     | Noticed a two-headed ogre
 11068 | D:12     | Killed a two-headed ogre
 11095 | D:12     | Found Xutreih's Armour Shop.
 11193 | D:12     | Noticed an eight-headed hydra
 11202 | D:12     | Reached skill level 10 in Invocations
 11206 | D:12     | Killed an eight-headed hydra
 11250 | D:12     | Reached skill level 1 in Throwing
 11535 | D:12     | Reached ***** piety under Makhleb
 11592 | D:12     | Noticed a two-headed ogre
 11606 | D:12     | Killed a two-headed ogre
 11643 | D:12     | Found an ornate altar of the Wu Jian Council.
 11672 | D:12     | Noticed Rupert
 12052 | D:12     | Killed Rupert
 12053 | D:12     | Reached skill level 5 in Throwing
 12418 | D:13     | Noticed a boulder beetle
 12452 | D:13     | Killed a boulder beetle
 12521 | D:13     | Found a gate leading to a gauntlet.
 12557 | Gauntlet | Entered a Gauntlet
 12557 | Gauntlet | Found a transporter.
 12557 | Gauntlet | Found a runed translucent door.
 12557 | Gauntlet | Found a transporter.
 12557 | Gauntlet | Found a transporter.
 12557 | Gauntlet | Found a runed translucent door.
 12629 | Gauntlet | Found a transporter.
 12630 | Gauntlet | Found a transporter.
 12633 | Gauntlet | Found a transporter.
 12637 | Gauntlet | Noticed a queen ant
 12639 | Gauntlet | Found a transporter.
 12641 | Gauntlet | Found a transporter.
 12642 | Gauntlet | Found a transporter.
 12644 | Gauntlet | Found a transporter.
 12651 | Gauntlet | Noticed an entropy weaver
 12652 | Gauntlet | Found a transporter.
 12656 | Gauntlet | Found a transporter.
 12656 | Gauntlet | Noticed a death yak
 12656 | Gauntlet | an entropy weaver changed into a death yak
 12660 | Gauntlet | Noticed a dire elephant
 12660 | Gauntlet | a death yak changed into a dire elephant
 12762 | Gauntlet | Noticed a dire elephant
 12769 | Gauntlet | Noticed an iron giant
 12769 | Gauntlet | a dire elephant changed into an iron giant
 12773 | Gauntlet | Noticed a golden dragon
 12773 | Gauntlet | an iron giant changed into a golden dragon
 12786 | Gauntlet | Noticed an iron giant
 12786 | Gauntlet | a golden dragon changed into an iron giant
 12912 | Gauntlet | Killed a queen ant
 12924 | Gauntlet | Noticed a golden dragon
 12924 | Gauntlet | Noticed a caustic shrike
 12924 | Gauntlet | a golden dragon changed into a caustic shrike
 12934 | Gauntlet | Noticed a shadow dragon
 12934 | Gauntlet | a caustic shrike changed into a shadow dragon
 12943 | Gauntlet | Noticed an iron dragon
 12943 | Gauntlet | a shadow dragon changed into an iron dragon
 12948 | Gauntlet | Noticed a quicksilver dragon
 12948 | Gauntlet | an iron dragon changed into a quicksilver dragon
 12950 | Gauntlet | Noticed a stone giant
 12950 | Gauntlet | a quicksilver dragon changed into a stone giant
 12951 | Gauntlet | Noticed a quicksilver dragon
 12951 | Gauntlet | a stone giant changed into a quicksilver dragon
 12957 | Gauntlet | Killed a quicksilver dragon
 12958 | Gauntlet | Reached XP level 13. HP: 116/118 MP: 8/8
 13537 | Gauntlet | Noticed a minotaur
 13572 | Gauntlet | Killed a minotaur
 13584 | Gauntlet | Identified the Almanac of Icy Unholy Arts
 14609 | D:13     | Found a shimmering blue altar of Sif Muna.
 16750 | D:14     | Killed from afar by a meliai

Illustrated notes

Levels and vault maps discovered:
D:1:      onia_arrival_mini_spirals, layout_basic, serial_forest,
          infiniplex_forest_corner_1, infiniplex_forest_clump_long,
          infiniplex_forest_lined_room_2, infiniplex_forest_straight_5,
          infiniplex_forest_straight_3, infiniplex_forest_side_room,
          infiniplex_forest_lined_2
D:2:      layout_basic, lemuel_doored_altar, ashenzari_conservatory_becter,
          marbit_many_paths, lemuel_coloured_pillars_altar, st_stairs_9,
          uniq_terence
D:3:      kennysheep_slugbush, layout_rooms, nicolae_overflow_hidden_temple,
          tso_altar, minmay_pentomino_pile
D:4:      layout_loops_cross, kennysheep_mini
D:5:      layout_rooms, okawaru_trees_1, uniq_menkaure
D:6:      gammafunk_steamed_eel, layout_cave_pools, kennysheep_mini_moat,
          slow_altar_2, nicolae_temple_entry_ecumenical, hangedman_decor_lopped,
          grunt_decor_clamped, uniq_edmund
D:7:      layout_rooms, nicolae_overflow_crystal_walls, kennysheep_little_box,
          ebering_ghost_reflecting_pool, serial_bayou, serial_bayou_shore_a,
          serial_bayou_lake_a, serial_bayou_pond_d, serial_bayou_crossing,
          serial_shops, shop_fountains
D:8:      layout_basic, uniq_pikel
D:9:      layout_grid_maze, nemelex_xobeh_ov_fountains_minmay,
          serial_bayou_pond_c
D:10:     layout_small_grid, david_lair_shrubbed, serial_shops, shop,
          kennysheep_generic_room_10
D:11:     regret_index_bee_streams, layout_stronghold,
          gammafunk_ghost_hydra_chop
D:12:     layout_grid_maze, hiddenorc1_lemuel, serial_shops, shop, basic_altar,
          uniq_rupert
D:13:     layout_long_grid, gauntlet_entry_generic, basic_altar
D:14:     layout_loops_ring, ximxim_vaults_locker_room, minmay_misc_feat_alley,
          uniq_nessos, uniq_louise
Temple:   cyrus_temple_forest

Skill      XL: |  1  2  3  4  5  6  7  8  9 10 11 12 13 |
---------------+----------------------------------------+-----
Axes           | 3 4 5 7 8 10 12 15 16 | 16.0
Invocations    | 5 9 11 | 11.8
Fighting       | 4 7 8 9 |  9.1
Evocations     | 3 6 7 8 |  8.5
Dodging        | 2 5 6 |  6.9
Throwing       | 6 |  6.0
Armour         | |  3.2
Shields        | |  3.2

Action                   |  1- 3 |  4- 6 |  7- 9 | 10-12 | 13-15 || total
-------------------------+-------+-------+-------+-------+-------++-------
Melee: War axe           |    89 |   205 |   444 |   815 |   104 ||  1657
Invok: Lesser Servant of |       |       |       |     7 |     9 ||    16
       Major Destruction |       |       |       |       |     9 ||     9
 Abil: Heal Wounds       |       |     5 |    28 |    23 |    19 ||    75
Evoke: Wand              |       |     1 |       |     9 |     5 ||    15
       Phantom mirror    |       |       |       |     1 |     1 ||     2
       Condenser vane    |       |       |       |     1 |     1 ||     2
  Use: Scroll            |       |     9 |     2 |    11 |     3 ||    25
 Stab: Distracted        |       |       |       |     3 |       ||     3
Armor: Scale mail        |    47 |    74 |   225 |    15 |       ||   361
       Plate armour      |       |       |       |   450 |    62 ||   512
Dodge: Dodged            |    37 |    59 |   108 |   168 |    27 ||   399
       Repelled          |       |       |       |       |     3 ||     3
Block: Kite shield       |    53 |    82 |   181 |   453 |    77 ||   846
       Reflection        |       |       |       |     5 |     4 ||     9
